 Dungeon Crawl Stone Soup version 0.29-a0-341-g24ffce5b50 (webtiles) character file.

Game seed: 8772064514799562092

148 spaghetti the Vandal (level 4, 16/36 HPs)
             Began as a Demigod Hunter on Apr 20, 2022.
             Quit the game on level 4 of the Dungeon.
             The game lasted 00:04:16 (3238 turns).

spaghetti the Vandal (Demigod Hunter)               Turns: 3238, Time: 00:04:17

Health: 16/36      AC:  4    Str: 12    XL:     4   Next: 82%
Magic:  15/15      EV: 12    Int: 15    God:
Gold:   174        SH:  0    Dex: 17    Spells: 3/3 levels left

rFire   . . .      SeeInvis +   a - +1 hunting sling {sling}
rCold   . . .      Faith    .   (no shield)
rNeg    . . .      Spirit   .   s - +0 leather armour
rPois   .          Reflect  .   (helmet restricted)
rElec   .          Harm     .   (no cloak)
rCorr   .          Rampage  .   (no gloves)
Will    .....                   (no boots)
Stlth   ++........              h - amulet of magic regeneration {@e2}
HPRegen 0.12/turn               j - ring of see invisible
MPRegen 0.54/turn               t - ring of magical power

@: lethally poisoned (16 -> -5), weak-willed, attractive, flying
A: high MP 1, forlorn, divine attributes, horns 1, strong-willed 1, shaggy fur 1
a: no special abilities


You were on level 4 of the Dungeon.
You visited 1 branch of the dungeon, and saw 4 of its levels.

You collected 174 gold pieces.


Innate Abilities, Weirdness & Mutations

You have an increased reservoir of magic. (+10% MP)
You shall have no god before yourself.
Your divine heritage dramatically boosts your attributes as you level up.
You have a pair of small horns on your head.
You are strong-willed. (Will+)
You are covered in fur. (AC +1)


   Skills:
 - Level 1.7 Fighting
 + Level 5.8 Slings
 - Level 1.7 Dodging
 - Level 0.8 Stealth


You had 3 spell levels left.
You didn't know any spells.
Your spell library was empty.

Inventory:

Hand Weapons
 a - a +1 hunting sling (weapon) {sling}
 b - a +1 spear of venom {polearm}
   (You found it on level 2 of the Dungeon)
Missiles
 e - 111 stones {throwing}
 k - 11 poisoned darts {throwing}
Armour
 s - a +0 leather armour (worn)
Magical Staves
 w - a staff of death {!astaff}
   (You found it on level 2 of the Dungeon)
Jewellery
 g - a ring of willpower
   (You found it on level 1 of the Dungeon)
 h - an amulet of magic regeneration (around neck) {@e2}
   (You found it on level 1 of the Dungeon)
 j - a ring of see invisible (left hand)
   (You found it on level 4 of the Dungeon)
 t - a ring of magical power (right hand)
   (You found it on level 2 of the Dungeon)
Wands
 v - a wand of charming (10)
   (You found it on level 2 of the Dungeon)
Scrolls
 c - a scroll of immolation {!r!r}
 f - 2 scrolls of identify {@r1}
 i - 2 scrolls of amnesia
 l - a scroll of vulnerability {!r!r}
 m - a scroll of fear {unknown}
 n - 3 scrolls of teleportation {unknown}
 o - a scroll of torment {unknown}
 r - a scroll of enchant armour {unknown}
 y - a scroll of silence {unknown}
Potions
 d - a potion of mutation {!q}
 z - a potion of flight

Dungeon Overview and Level Annotations

Branches:
Dungeon (4/15)
 Temple: D:4-7

Shops:
D:1

( # #.. #...###
.......##########
...†..rs@.......#
.......########.#
#...###
#.######### #..
#.......... #
#..########
#.....# ##.##.#
#######.##.####
..............#


You could see a scorpion (weak-willed) and a quokka (weak-willed).


Message History

No target in view!
No target in view!
No target in view!
No target in view!
No target in view!
No target in view!
No target in view!
No target in view!
No target in view!
No target in view!
No target in view!
Key pressed, stopping explore.
An adder comes into view.
An adder is nearby!
You shoot a sling bullet. The sling bullet hits the adder!
The adder hisses angrily.
You shoot a sling bullet. The sling bullet hits the adder.
You kill the adder!
A quokka comes into view.
The quokka moves out of view.
No target in view!
No target in view!
No target in view!
No target in view!
No target in view!
No target in view!
No target in view!
No target in view!
No target in view!
No target in view!
No target in view!
No target in view!
No target in view!
No target in view!
No target in view!
No target in view!
A scorpion comes into view.
There are monsters nearby!
There are monsters nearby!
You shoot a sling bullet.
The sling bullet hits the scorpion but does no damage.
You shoot a sling bullet.
The sling bullet closely misses the quokka.
You shoot a sling bullet.
The sling bullet hits the scorpion but does no damage.
You shoot a sling bullet. The sling bullet hits the scorpion.
The scorpion stings you.
You are poisoned.
The scorpion poisons you!
You shoot a sling bullet.
The sling bullet closely misses the scorpion.
You feel very sick. The quokka misses you. The scorpion stings you.
The quokka bites you but does no damage. 😮 HP[-9]
You take 9 damage, and now have 27/36 hp.
MASSIVE DAMAGE!! (PAUSE)
The scorpion attacks as you move away! The scorpion stings you.
You are lethally poisoned!
The scorpion poisons you! The quokka attacks as you move away!
The quokka misses you.
* * * LOW HITPOINT WARNING * * *
You feel very sick.
The scorpion closely misses you. 😨 HP[-11]
You take 11 damage, and now have 16/36 hp.
MASSIVE DAMAGE!! (PAUSE) It was a potion of heal wounds.
You feel much better.
You feel very sick. The scorpion stings you. 😕 HP[+14]
You regained 14 hp, and now have 30/36 hp.
It was a potion of attraction.
You feel attractive to monsters.
You feel very sick. The scorpion misses you. 😮 HP[-3]
You take 3 damage, and now have 27/36 hp.
It was a potion of flight.
You feel very buoyant.
You fly up into the air.
You feel sick.
The scorpion barely misses you. 😮 HP[-2]
You take 2 damage, and now have 25/36 hp.
As you read the scroll labelled SYTUCA NEICHYB, it crumbles to dust.
It is a scroll of identify.
i - 2 scrolls of amnesia You feel sick.
The scorpion barely misses you. 😮 HP[-1]
You take 1 damage, and now have 24/36 hp.
As you read the scroll labelled NOSTRE BICH, it crumbles to dust.
Magic quickly surges around you.
It was a scroll of vulnerability.
You feel sick. The scorpion barely misses you. The scorpion stings you.
* * * LOW HITPOINT WARNING * * *
You are lethally poisoned!
The scorpion poisons you! 😨 HP[-8]
You take 8 damage, and now have 16/36 hp.
MASSIVE DAMAGE!! (PAUSE)
Okay, then.
Are you sure you want to abandon this character and quit the game? (Confirm with "yes".)

Skill      XL: |  1  2  3 |
---------------+----------+-----
Slings         | 4 5 |  5.8
Fighting       | |  1.7
Dodging        | |  1.7
Stealth        | |  0.8

Action                   |  1- 3 |  4- 6 || total
-------------------------+-------+-------++-------
Melee: Spear             |       |    37 ||    37
       Headbutt          |       |     5 ||     5
 Fire: Hunting sling     |   143 |    19 ||   162
  Use: Potion            |       |     7 ||     7
       Scroll            |       |     2 ||     2
 Stab: Sleeping          |       |     1 ||     1
Armor: Leather armour    |    18 |    13 ||    31
       Skin              |       |    14 ||    14
Dodge: Dodged            |    28 |    58 ||    86

Levels and vault maps discovered:
D:1:      ncdulo_watergridlock, layout_rooms,
          hellmonk_ecumenical_altar_lost_god, serial_shops,
          nicolae_shop_advertising_works [nicolae_subvault_shop_adworks],
          minmay_lizard_pond
D:2:      layout_basic
D:3:      layout_loops_cross, elyvilon_altar_4, portal_sewer_entry_d
D:4:      layout_loops_ring, grunt_ministairs_14, nicolae_zen_rock_garden,
          uniq_menkaure

Notes
Turn   | Place    | Note
-------+----------+-------------------------------------------
     0 | D:1      | spaghetti the Demigod Hunter began the quest for the Orb.
     0 | D:1      | Reached XP level 1. HP: 17/17 MP: 3/3
     0 | D:1      | magus.rc [v1.9.6]
   150 | D:1      | Reached skill level 4 in Slings
   167 | D:1      | Reached XP level 2. HP: 13/24 MP: 4/4
   566 | D:1      | Found Oxaqedulo's Weapon Shop.
  1083 | D:2      | Reached XP level 3. HP: 29/29 MP: 5/5
  1632 | D:3      | Reached skill level 5 in Slings
  2284 | D:3      | Reached XP level 4. HP: 36/36 MP: 6/6
  2475 | D:3      | Gained mutation: You are covered in fur. (AC +1) [potion of
                  | mutation]
  2475 | D:3      | Gained mutation: You have a pair of small horns on your
                  | head. [potion of mutation]
  2475 | D:3      | Gained mutation: You are strong-willed. (Will+) [potion of
                  | mutation]
  3238 | D:4      | Quit the game

Vanquished Creatures
  An orc wizard (D:3)
  4 adders
  4 worms
  3 dart slugs
  3 orcs (D:3)
  6 endoplasms
  4 giant cockroaches
  5 goblins
  3 hobgoblins
  3 jackals (D:2)
  7 kobolds
  A quokka (D:3)
  5 ball pythons
  3 bats
  13 frilled lizards
  8 rats
73 creatures vanquished.

Vanquished Creatures (others)
  A frilled lizard (D:3)
1 creature vanquished.

Grand Total: 74 creatures vanquished

Table legend:
 A = Non-vault XP
 B = Vault XP
 C = Vault XP percentage of total XP
 D = Non-vault monster count
 E = Vault monster count
 F = Vault count percentage of total count
                 A         B        C        D         E       F
            +---------+---------+-------+---------+---------+-------
      Total |     187 |      25 |  11.8 |      63 |      10 |  13.7
            +---------+---------+-------+---------+---------+-------
        D:1 |      27 |       7 |  20.6 |      18 |       7 |  28.0
        D:2 |      24 |       0 |   0.0 |      13 |       0 |   0.0
        D:3 |      96 |      17 |  15.0 |      23 |       2 |   8.0
        D:4 |      40 |       1 |   2.4 |       9 |       1 |  10.0
            +---------+---------+-------+---------+---------+-------

Illustrated notes

Table legend:
 A = Kills in this place as a percentage of kills in entire the game.
 B = Kills by you in this place as a percentage of kills by you in the entire game.
 C = Kills by friends in this place as a percentage of kills by friends in the entire game.
 D = Other kills in this place as a percentage of other kills in the entire game.
 E = Experience gained in this place as a percentage of experience gained in the entire game.
 F = Experience gained in this place divided by the number of levels of this place that you have seen.
                   A       B       C       D       E      F
               +-------+-------+-------+-------+-------+----------------------
         Total | 100.0 | 100.0 |   N/A |   N/A | 100.0 |  53.0
       Dungeon | 100.0 | 100.0 |   N/A |   N/A | 100.0 |  53.0
               +-------+-------+-------+-------+-------+----------------------

Table legend: (Time is in decaauts)
 A = Elapsed time spent in this place.
 B = Non-inter-level travel time spent in this place.
 C = Inter-level travel time spent in this place.
 D = Time resting spent in this place.
 E = Time spent auto-exploring this place.
 F = Levels seen in this place.
 G = Mean time per level.
                   A        B        C        D        E       F      G
               +--------+--------+--------+--------+--------+-----+--------+
         Total |   3299 |   3190 |    109 |    549 |   2219 |   4 |  824.8 |
       Dungeon |   3299 |   3190 |    109 |    549 |   2219 |   4 |  824.8 |
               +--------+--------+--------+--------+--------+-----+--------+

Top non-repeatable levels by time:
     D:3: 1372 daAuts
     D:1: 829 daAuts
     D:2: 747 daAuts
     D:4: 350 daAuts
